AoeStats
← Evobax

Arena

511793167Analyzed
3v3 RM · 12d ago on Oct 6, 2026· 55m 5s· 6 players
Game mode
Random Map
Map size
Normal (6 player)
Population
200
Speed
Normal
Resources
Standard
Victory
Conquest
Starting age
Dark Age
Ending age
Imperial Age
RankedLock teamsTeams togetherTeam positionsShared explorationLock speedFull tech treeHidden civsTurbo modeCheats
Victory
Defeat
🇹🇷 Spanish · Türkiye
1046
+16
🇷🇺 Varangians · Russia
1036
+17
🇩🇪 Japanese · Germany
1019
+17
vs
🇫🇷 Spanish · France
1073
-17
🇲🇽 Turks · Mexico
1047
-17
🇫🇷 Britons · France
1037
-16
Scheibenenteise
10:10 Feudal Age
16:21 Castle Age
16:17 Man-at-Arms
22:38 Horse Collar
25:11 Loom
26:05 Wheelbarrow
26:39 Gold Mining
31:07 Imperial Age
29:02 Squires
28:24 Long Swordsman
28:54 Gambesons
29:29 Forging
29:06 Town Watch
30:02 Fortified Wall
31:01 Hand Cart
31:45 Heavy Plow
31:20 Capped Ram
31:30 Two-Handed Swordsman
33:17 Champion
35:16 Pikeman
36:57 Gold Shaft Mining
36:09 Halberdier
40:07 Scale Mail Armor
41:38 Chain Mail Armor
41:59 Iron Casting
43:24 Plate Mail Armor
43:34 Yasama
43:53 Guard Tower
45:04 Chemistry
44:25 Ballistics
45:20 Blast Furnace
45:23 Kataparuto
45:34 Fletching
45:46 Arson
49:48 Keep
49:10 Murder Holes
49:26 Masonry
50:24 Bodkin Arrow
50:55 Elite Samurai
51:38 Bracer
51:25 Treadmill Crane
gipsyking
11:52 Feudal Age
15:52 Castle Age
13:46 Double-Bit Axe
15:21 Loom
17:49 Bow Saw
23:03 Horse Collar
25:47 Wheelbarrow
26:58 Hand Cart
29:48 Heavy Plow
30:21 Padded Archer Armor
30:11 Fletching
32:23 Stone Mining
32:23 Gold Mining
33:27 Husbandry
33:37 Bloodlines
36:35 Imperial Age
35:26 Scale Barding Armor
35:32 Forging
35:59 Bloodlines
35:51 Scale Mail Armor
37:07 Cavalier
40:38 Conscription
41:37 Paladin
44:58 Two-Man Saw
44:36 Chain Barding Armor
44:52 Iron Casting
45:23 Iron Casting
45:03 Chain Mail Armor
49:07 Blast Furnace
48:42 Plate Barding Armor
48:38 Plate Mail Armor
54:39 Spies/Treason
TheAnatolich
9:27 Loom
11:29 Feudal Age
15:45 Castle Age
13:55 Double-Bit Axe
13:54 Horse Collar
16:42 Heavy Plow
16:55 Bow Saw
21:57 Wheelbarrow
24:04 Hand Cart
24:47 Bloodlines
25:22 Husbandry
26:43 Town Watch
27:46 Light Cavalry
28:39 Forging
28:34 Scale Barding Armor
29:27 Town Patrol
32:05 Imperial Age
30:06 Gold Mining
30:06 Stone Mining
31:34 Iron Casting
31:19 Chain Barding Armor
34:00 Blast Furnace
32:26 Cavalier
32:29 Vendel Legacy
33:30 Conscription
33:44 Crop Rotation
34:17 Two-Man Saw
33:59 Stone Shaft Mining
33:20 Hussar
38:31 Plate Barding Armor
43:11 Fletching
43:21 Padded Archer Armor
43:49 Ballistics
44:30 Chemistry
43:26 Murder Holes
43:41 Masonry
43:16 Elite Jarl
43:44 Gothikon
44:23 Bodkin Arrow
44:47 Leather Archer Armor
44:36 Scale Mail Armor
45:20 Bracer
46:01 Siege Engineers
45:42 Treadmill Crane
46:41 Ring Archer Armor
46:56 Fortified Wall
48:40 Architecture
51:55 Atonement
52:05 Fervor
52:21 Illumination
51:56 Devotion
52:32 Theocracy
51:54 Herbal Medicine
Evobax
11:48 Feudal Age
16:16 Castle Age
14:42 Double-Bit Axe
15:39 Horse Collar
15:46 Loom
16:47 Wheelbarrow
18:20 Bow Saw
18:12 Heavy Plow
18:34 Gold Mining
19:08 Stone Mining
24:49 Padded Archer Armor
26:02 Leather Archer Armor
26:35 Bloodlines
27:28 Hand Cart
32:25 Imperial Age
29:22 Light Cavalry
30:03 Husbandry
33:18 Elite Conquistador
33:42 Hussar
38:26 Forging
38:47 Ring Archer Armor
Unknown-Ben
12:10 Feudal Age
14:36 Double-Bit Axe
16:57 Castle Age
17:11 Stone Mining
17:04 Horse Collar
18:10 Bow Saw
23:49 Loom
27:40 Treadmill Crane
29:20 Wheelbarrow
28:55 Gold Mining
30:18 Man-at-Arms
31:47 Hand Cart
31:56 Fletching
34:16 Gold Shaft Mining
33:16 Long Swordsman
33:42 Gambesons
34:37 Bodkin Arrow
34:49 Padded Archer Armor
38:19 Imperial Age
37:00 Leather Archer Armor
39:28 Bracer
46:36 Ring Archer Armor
47:01 Conscription
48:42 Chemistry
48:05 Ballistics
sinaimontesinos82
12:16 Feudal Age
16:36 Castle Age
14:37 Stone Mining
14:36 Double-Bit Axe
14:35 Horse Collar
18:11 Wheelbarrow
18:27 Wheelbarrow
20:15 Heavy Plow
20:43 Gold Mining
26:58 Imperial Age
25:46 Gold Shaft Mining
32:20 Loom
34:23 Conscription
34:38 Bow Saw
36:48 Bloodlines
36:38 Husbandry
37:53 Scale Barding Armor
Connection lost

Rejoining the realm…

Still unreachable

The connection could not be restored.

Session expired

The server has moved on; the page needs a fresh start.